 Dungeon Crawl Stone Soup version 0.26-a0-255-gd5f3108e62 (webtiles) character file.

Game seed: 10953586656874250706

62898 Esekla the Thaumaturge (level 15, 0/107 HPs)
             Began as a Formicid Necromancer on July 9, 2020.
             Was a High Priest of Lugonu.
             Slain by a death yak (25 damage)
             ... on level 6 of the Lair of Beasts.
             The game lasted 03:10:43 (28588 turns).

Esekla the Thaumaturge (Formicid Necromancer)      Turns: 28588, Time: 03:10:43

Health: 0/107      AC: 17    Str: 14    XL:     15   Next: 48%
Magic:  1/32       EV: 17    Int: 20    God:    Lugonu [*****.]
Gold:   946        SH:  5    Dex: 11    Spells: 25/40 levels left

rFire    . . .     SeeInvis +   f - +7 long sword (flame)
rCold    + + .     Faith    .   (no shield)
rNeg     . . .     Spirit   .   E - +1 leather armour {MR+}
rPois    .         Reflect  +   (helmet unavailable)
rElec    .         Harm     .   F - +0 cloak
rCorr    .                      O - +1 pair of gloves of Kikubaaqudgha {rC++}
MR       ++...                  (no boots)
Stlth    +++.......             G - amulet of reflection
HPRegen  0.27/turn              H - +4 ring of slaying
MPRegen  0.23/turn              o - +4 ring of evasion

@: icy armour, frozen ramparts, very slightly contaminated
A: permanent stasis, dig shafts and tunnels, four strong arms, antennae 3
a: Dig, Shaft Self, Depart the Abyss, Bend Space, Banish, Corrupt, Enter the
Abyss, Renounce Religion


You were on level 6 of the Lair of Beasts.
You worshipped Lugonu.
Lugonu was extremely pleased with you.
You were not hungry.

You visited 3 branches of the dungeon, and saw 21 of its levels.
You visited the Abyss 1 time.

You collected 1501 gold pieces.
You spent 555 gold pieces at shops.

Inventory:

Hand Weapons
 a - the +3 dagger of the Tired Leylines {vorpal, rF++}
   (You found it on level 12 of the Dungeon)

   It inflicts extra damage upon your enemies.
   It greatly protects you from fire.
 d - a +2 spear of distortion
 f - a +7 long sword of flaming (weapon)
 h - a +2 short sword of holy wrath
 p - a +4 spear
 v - the +10 dagger "Jearaemi" {venom, Int+7}
   (You found it on level 4 of the Dungeon)

   It poisons the flesh of those it strikes.
   It affects your intelligence (+7).
 z - the +2 falchion of Trial by Ordeal {freeze, rF+ rC- rN+}
   (You bought it in a shop on level 9 of the Dungeon)

   It has been specially enchanted to freeze those struck by it, causing extra
   injury to most foes and up to half again as much damage against particularly
   susceptible opponents.
   It can also slow down cold-blooded creatures.
   It protects you from fire.
   It makes you vulnerable to cold.
   It protects you from negative energy.
 V - the +8 mithril axe "Arga" {speed, MR+}
   (You found it on level 13 of the Dungeon)

   Attacks with this weapon are significantly faster.
   It affects your resistance to hostile enchantments.
Missiles
 l - 15 boomerangs
 C - 10 javelins
 R - 24 poisoned darts (quivered)
Armour
 E - a +1 leather armour of magic resistance (worn)
 F - a +0 cloak (worn)
 O - the +1 pair of gloves of Kikubaaqudgha (worn) {rC++}
   (You found it on level 3 of the Abyss)

   It greatly protects you from cold.
Jewellery
 o - a +4 ring of evasion (right hand)
 q - an uncursed ring of poison resistance
 G - an amulet of reflection (around neck)
 H - a +4 ring of slaying (left hand)
 K - an uncursed ring of protection from cold
 M - an uncursed ring of wizardry
 N - an uncursed amulet of regeneration
 S - a +6 ring of intelligence
 U - an uncursed ring of protection from fire
Wands
 j - a wand of polymorph (9)
 s - a wand of disintegration (35)
 t - a wand of random effects (25)
 u - a wand of paralysis (1)
 w - a wand of clouds (8)
 I - a wand of iceblast (12)
Scrolls
 g - 3 scrolls of amnesia {unknown}
 k - 2 scrolls of enchant weapon {unknown}
 m - 4 scrolls of magic mapping
 y - 3 scrolls of remove curse
 B - a scroll of holy word
 D - 7 scrolls of enchant armour
 X - a scroll of acquirement
Potions
 b - a potion of cancellation
 e - 8 potions of curing
 i - a potion of mutation
 n - 3 potions of ambrosia
 r - 2 potions of heal wounds
 A - a potion of brilliance
 J - 5 potions of stabbing
 L - 5 potions of flight
 P - a potion of magic {unknown}
 Q - a potion of lignification
 T - a potion of resistance
 W - a potion of might
Comestibles
 c - 56 rations


   Skills:
 + Level 6.6 Fighting
 + Level 8.5(9.1) Short Blades
 * Level 4.8(7.3) Long Blades
 * Level 5.1 Axes
 + Level 3.1 Throwing
 - Level 6.0 Armour
 + Level 5.1 Dodging
 + Level 7.0 Stealth
 + Level 13.0 Spellcasting
 * Level 7.1 Hexes
 + Level 4.5 Charms
 + Level 8.3 Necromancy
 + Level 7.6 Ice Magic
 * Level 5.1 Air Magic
 * Level 8.0 Invocations
 + Level 5.1 Evocations


You had 25 spell levels left.
You knew the following spells:

 Your Spells              Type           Power        Failure   Level
a - Ozocubu's Armour      Chrm/Ice       #####...     1%          3
c - Pain                  Necr           ####         1%          1
d - Vampiric Draining     Necr           #####.....   1%          3
l - Silence               Hex/Air        #####.....   14%         5
r - Frozen Ramparts       Ice            #####.       1%          3

Your spell library contained the following spells:

 Spells                   Type           Power        Failure   Level
 Animate Skeleton         Necr           #####.       1%          1
 Freeze                   Ice            ####         1%          1
 Confusing Touch          Hex            #####...     1%          3
 Animate Dead             Necr           #####.....   1%          4
 Cause Fear               Hex            #####.....   3%          4
 Dazzling Flash           Conj/Hex       ####..       4%          3
 Magic Dart               Conj           ##..         6%          1
 Summon Butterflies       Summ           ##......     6%          1
 Agony                    Necr           #####...     6%          5
 Metabolic Englaciation   Hex/Ice        #####.....   9%          5
 Searing Ray              Conj           ##....       10%         2
 Hailstorm                Conj/Ice       ####....     13%         4
 Summon Ice Beast         Ice/Summ       ####....     13%         4
 Fulminant Prism          Conj/Hex       ####......   14%         4
 Call Canine Familiar     Summ           ##......     19%         3
 Gell's Gravitas          Tloc           ##........   19%         3
 Recall                   Summ/Tloc      N/A          19%         3
 Borgnjor's Vile Clutch   Necr/Erth      ####......   32%         5
 Death Channel            Necr           #####.....   32%         6
 Simulacrum               Ice/Necr       #####.....   36%         6
 Summon Mana Viper        Hex/Summ       ####....     38%         5
 Yara's Violent Unravell  Hex/Tmut       ####......   38%         5
 Iskenderun's Mystic Bla  Conj/Tloc      ##......     52%         4
 Petrify                  Tmut/Erth      ##......     52%         4
 Summon Hydra             Summ           ##........   100%        7
 Discord                  Hex            #####.....   100%        8


Dungeon Overview and Level Annotations

Branches:
Dungeon (14/15)            Temple (1/1) D:5            Lair (6/6) D:9
  Swamp (0/4) Lair:2       Spider (0/4) Lair:2        Slime (0/5) Lair:6
    Orc (0/2) D:11         Vaults (0/5) D:13

Altars:
Ashenzari
Cheibriados
Dithmenos
Elyvilon
Hepliaklqana
Kikubaaqudgha
Qazlal
Sif Muna
Trog
Uskayaw
Vehumet
Wu Jian
Xom
The Shining One
Jiyva

Shops:
D:9 **   D:11 *

Annotations:
D:4 3 runed translucent doors, Glokmah's ghost, amateur DsNe
D:12 Azrael; Frances


Innate Abilities, Weirdness & Mutations

You cannot be hasted, slowed, berserked, paralysed or teleported.
You can dig through walls and to a lower floor.
Your four strong arms can wield two-handed weapons with a shield.
You have a pair of large antennae on your head. (SInv)


Message History

You feel life coursing into your body.
The wall freezes the death yak!
The death yak gores you.
* * * LOW HITPOINT WARNING * * *
Casting: Vampiric Draining (safe; 1% risk of failure)
Confirm with . or Enter, or press ? or * to list all spells.
Aiming: Vampiric Draining (safe; 1% risk of failure)
Press: ? - help, Shift-Dir - straight line, f/p - death yak
Aim: a death yak (heavily wounded)
The death yak is severely wounded.
You feel life coursing into your body.
The frozen ramparts melt away.
The death yak gores you!
* * * LOW HITPOINT WARNING * * *
Casting: Vampiric Draining (safe; 1% risk of failure)
Confirm with . or Enter, or press ? or * to list all spells.
The walls around you are covered in ice.
The wall freezes the death yak!
You block the death yak's attack.
You hit the death yak. You burn the death yak.
The death yak is almost dead.
The wall freezes the death yak.
The death yak gores you!!
You die...

......###......#...### ##§.##....
...#.###......##....P###..####P..
.....# ##....####....÷...## ##..
....## ##.### ##.###÷..## ..#
.....# ### ##..# ##...# #..
.....## ###..## #...## #..
......# #.P##...## ##..# ......#
#......### ##.. # ..†...#
#....##.@Y### ###..## ......#
##... ###††.## ...P ......# #?.
##...## ..... ........###
##...#..YY.P .........#
##.......P# ........## ###.##.)##
.........# ## # .........P
.........


You could see a death yak.

Vanquished Creatures
  Snorg (D:10)
  10 hydras
  2 catoblepae (Lair:6)
  2 dancing weapons
  5 two-headed ogres
  12 death yaks
  A sea snake (shapeshifter) (D:11)
  A lindwurm (Lair:6)
  Pikel (D:8)
  3 ugly things
  3 cyclopes
  2 manticores (Lair:6)
  Maurice (D:10)
  4 elephants (Lair:4)
  A centaur zombie (D:12)
  2 centaur skeletons
  4 black mambas
  2 torpor snails (Lair:6)
  12 cane toads
  6 komodo dragons
  2 jumping spiders (Lair:2)
  3 polar bears
  4 trolls
  A tyrant leech (Lair:2)
  7 dream sheep (Lair:6)
  23 blink frogs
  4 slime creatures (D:14)
  Prince Ribbit (Lair:3)
  7 hippogriffs
  A shadow (D:14)
  A spriggan (D:9)
  5 basilisks
  51 yaks
  5 wyverns
  A yak (shapeshifter) (D:13)
  Grum (D:9)
  A steam dragon (Lair:3)
  Menkaure (D:7)
  2 swamp worms (Lair:2)
  Edmund (D:4)
  7 water moccasins
  8 porcupines
  Duvessa (D:4)
  3 black bears
  4 ice beasts
  An eye of draining (D:11)
  4 sky beasts
  A hornet zombie (D:14)
  4 orc warriors
  5 ogres
  4 wolves (D:9)
  2 centaurs
  4 lemures (D:8)
  11 crocodiles
  3 big kobolds
  Blork the orc (D:4)
  10 bullfrogs
  Dowan (D:4)
  A water moccasin zombie (D:8)
  A wyvern skeleton (D:12)
  2 scorpions
  8 wights
  4 killer bees (D:8)
  5 electric eels
  3 howler monkeys
  A bullfrog zombie (D:10)
  5 jellies
  6 orc priests
  A gnoll shaman (D:4)
  7 hounds
  10 orc wizards
  7 hell rats (Lair:6)
  3 iguanas
  Ijyb (D:4)
  6 worker ants
  A killer bee zombie (D:5)
  A hound zombie (D:7)
  4 hound skeletons
  9 adders
  14 gnolls
  A howler monkey skeleton (D:11)
  2 shadow imps
  A white imp (D:9)
  An ufetubus (D:10)
  An ooze (D:2)
  An adder zombie (D:8)
  An adder skeleton (D:7)
  2 worms
  2 dart slugs
  3 leopard geckos
  31 orcs
  A ball python (D:4)
  7 bats
  3 giant cockroaches
  6 goblins
  6 hobgoblins
  9 jackals
  4 quokkas
  6 frilled lizards
  A giant cockroach zombie (D:6)
  A jackal skeleton (D:8)
  18 kobolds
  4 rats
483 creatures vanquished.

Vanquished Creatures (others)
  An orc wizard (D:6)
  5 orcs (D:6)
  8 fungi
  9 plants
23 creatures vanquished.

Grand Total: 506 creatures vanquished

Notes
Turn   | Place    | Note
-------+----------+-------------------------------------------
     0 | D:1      | Esekla the Formicid Necromancer began the quest for the
                  | Orb.
     0 | D:1      | Reached XP level 1. HP: 13/13 MP: 3/3
   412 | D:1      | Reached XP level 2. HP: 18/19 MP: 0/5
   820 | D:2      | Reached skill level 1 in Armour
   820 | D:2      | Reached XP level 3. HP: 16/25 MP: 1/6
   941 | D:3      | Learned a level 3 spell: Vampiric Draining
   972 | D:3      | Noticed an ogre
  1794 | D:1      | Reached XP level 4. HP: 24/31 MP: 4/8
  2046 | D:2      | Found a white marble altar of Elyvilon.
  2065 | D:2      | Reached skill level 1 in Fighting
  2384 | D:2      | Reached skill level 3 in Spellcasting
  2543 | D:3      | Killed an ogre
  2543 | D:3      | Reached skill level 1 in Short Blades
  2543 | D:3      | Reached XP level 5. HP: 14/38 MP: 2/9
  2751 | D:3      | Found a shimmering blue altar of Sif Muna.
  2766 | D:3      | Reached XP level 6. HP: 39/44 MP: 9/11
  2984 | D:3      | Found a hide-covered altar of Uskayaw.
  2987 | D:3      | Noticed Ijyb
  2994 | D:4      | Noticed Blork the orc
  3131 | D:4      | Killed Blork the orc
  3366 | D:4      | Reached skill level 4 in Spellcasting
  3535 | D:4      | Reached XP level 7. HP: 48/50 MP: 13/13
  3568 | D:4      | Found a runed translucent gate.
  3569 | D:4      | Found a runed translucent gate.
  3570 | D:4      | Found a runed translucent gate.
  3570 | D:4      | Noticed Glokmah's ghost (amateur DsNe)
  3576 | D:4      | Noticed Edmund
  3579 | D:4      | Got a blackened dagger
  3580 | D:4      | Identified the +10 dagger "Jearaemi" {venom, Int+7} (You
                  | found it on level 4 of the Dungeon)
  3594 | D:4      | Killed Edmund
  3594 | D:4      | Reached skill level 5 in Necromancy
  3828 | D:4      | Noticed Duvessa
  3828 | D:4      | Noticed Dowan
  3836 | D:4      | Killed Duvessa
  3836 | D:4      | Reached skill level 5 in Spellcasting
  3842 | D:4      | Killed Dowan
  3842 | D:4      | Reached XP level 8. HP: 14/57 MP: 6/15
  4062 | D:5      | Entered Level 5 of the Dungeon
  4067 | D:5      | Found a staircase to the Ecumenical Temple.
  4083 | Temple   | Entered the Ecumenical Temple
  4965 | D:4      | Killed Ijyb
  5238 | D:3      | You fall into a shaft and drop 3 floors!
  5238 | D:6      | Found a bloodstained altar of Trog.
  5320 | D:6      | Reached skill level 6 in Spellcasting
  6536 | D:7      | Reached XP level 9. HP: 31/65 MP: 14/18
  6538 | D:7      | Noticed a troll
  6709 | D:6      | HP: 3/65 [troll (6)]
  6710 | D:6      | You fall into a shaft and drop 2 floors!
  7300 | D:6      | Killed a troll
  7666 | D:8      | Noticed a two-headed ogre
  7678 | D:7      | Noticed Menkaure
  7680 | D:7      | Noticed Pikel
  7682 | D:7      | You fall into a shaft and drop 3 floors!
  7682 | D:10     | Entered Level 10 of the Dungeon
  7686 | D:10     | Noticed a hippogriff
  7864 | D:10     | Noticed a two-headed ogre
  7869 | D:10     | Noticed Maurice
  7884 | D:10     | Killed a hippogriff
  7884 | D:10     | Reached skill level 5 in Armour
  7884 | D:10     | Reached skill level 7 in Spellcasting
  7898 | D:10     | Noticed a hippogriff
  8103 | D:10     | Reached skill level 1 in Throwing
  8372 | D:10     | Killed a hippogriff
  8372 | D:10     | Reached skill level 5 in Fighting
  8533 | D:10     | Killed Maurice
  8533 | D:10     | Reached skill level 5 in Stealth
  8533 | D:10     | Reached skill level 1 in Evocations
  8533 | D:10     | Reached XP level 10. HP: 60/74 MP: 8/21
  8603 | D:11     | Found Iweroic's Mass Market.
  8883 | D:9      | Reached skill level 8 in Spellcasting
  8982 | D:9      | Found Ijuisi's Assorted Antiques.
  9333 | D:8      | Noticed a two-headed ogre
  9512 | D:9      | You fall into a shaft and drop 3 floors!
  9889 | D:9      | Reached skill level 5 in Short Blades
  9893 | D:9      | Found Miupuab's General Store.
  9935 | D:9      | Bought a glowing purple potion for 24 gold pieces
  9935 | D:9      | Bought a steaming falchion for 216 gold pieces
  9935 | D:9      | Bought a large diamond ring for 135 gold pieces
  9935 | D:9      | Identified the +2 falchion of Trial by Ordeal {freeze, rF+
                  | rC- rN+} (You bought it in a shop on level 9 of the
                  | Dungeon)
  9954 | D:9      | Bought a scroll of identify for 24 gold pieces
  9954 | D:9      | Bought a potion of heal wounds for 60 gold pieces
  9954 | D:9      | Bought a scroll of magic mapping for 42 gold pieces
 10164 | D:6      | Cast into level 3 of the Abyss (unwielding a weapon of
                  | distortion)
 10181 | Abyss:3  | Got a pair of faintly glowing gloves
 10187 | Abyss:3  | Identified the +1 pair of gloves of Kikubaaqudgha {rC++}
                  | (You found it on level 3 of the Abyss)
 10198 | Abyss:3  | Noticed a shadow wraith
 10233 | Abyss:3  | Noticed an orange demon
 10248 | Abyss:3  | Found a corrupted altar of Lugonu.
 10252 | Abyss:3  | Became a worshipper of Lugonu the Unformed
 10252 | Abyss:3  | Reached * piety under Lugonu
 10256 | D:6      | Escaped the Abyss
 10261 | D:6      | Learned a level 3 spell: Frozen Ramparts
 10265 | D:6      | Learned a level 3 spell: Ozocubu's Armour
 10593 | D:8      | Killed a two-headed ogre
 10760 | D:8      | Killed a two-headed ogre
 10760 | D:8      | Reached skill level 1 in Charms
 10760 | D:8      | Reached skill level 1 in Ice Magic
 10760 | D:8      | Reached XP level 11. HP: 28/80 MP: 8/23
 11360 | D:9      | Reached skill level 9 in Spellcasting
 11836 | D:9      | Found a shimmering altar of Xom.
 12048 | D:9      | Found a glowing golden altar of the Shining One.
 12057 | D:9      | Noticed Grum
 12080 | D:9      | Found a shattered altar of Ashenzari.
 12081 | D:9      | Found a hazy altar of Hepliaklqana.
 12081 | D:9      | Found a stormy altar of Qazlal.
 12310 | D:9      | Killed Grum
 12380 | D:9      | Found a staircase to the Lair.
 12756 | Lair:1   | Entered Level 1 of the Lair of Beasts
 12778 | Lair:1   | Noticed a seven-headed hydra
 12794 | Lair:1   | Killed a seven-headed hydra
 13159 | Lair:1   | Reached skill level 10 in Spellcasting
 13331 | Lair:1   | Reached skill level 5 in Evocations
 13743 | D:10     | Killed a two-headed ogre
 13771 | D:10     | Noticed Snorg
 13787 | D:10     | Killed Snorg
 13787 | D:10     | Reached skill level 1 in Invocations
 13787 | D:10     | Reached XP level 12. HP: 82/86 MP: 20/26
 13927 | D:10     | Reached ** piety under Lugonu
 15056 | D:11     | Noticed a two-headed ogre
 15059 | D:11     | Killed a two-headed ogre
 15177 | D:11     | Found a staircase to the Orcish Mines.
 15380 | D:11     | Reached skill level 11 in Spellcasting
 15443 | D:11     | Noticed a sea snake
 15451 | D:11     | Killed a sea snake
 15981 | D:11     | Noticed a death knight
 15992 | D:11     | You fall into a shaft and drop 3 floors!
 16571 | D:14     | Reached skill level 5 in Ice Magic
 16814 | D:14     | Reached *** piety under Lugonu
 16858 | D:14     | Learned a level 5 spell: Silence
 16961 | D:14     | Reached skill level 1 in Hexes
 17280 | D:13     | Noticed a +6 long sword
 17281 | D:13     | Found the +8 mithril axe "Arga" {speed, MR+}
 17288 | D:13     | Killed a +6 long sword
 17294 | D:13     | Noticed a two-headed ogre
 17330 | D:13     | Killed a two-headed ogre
 17330 | D:13     | Reached XP level 13. HP: 61/93 MP: 16/28
 17449 | D:13     | Found a gate to the Vaults.
 17467 | D:12     | Reached skill level 1 in Air Magic
 17804 | D:12     | Noticed Azrael
 18089 | D:11     | You fall into a shaft and drop 2 floors!
 18498 | D:12     | Got an iridescent dagger
 18578 | D:11     | Identified the cursed +3 dagger of the Tired Leylines
                  | {vorpal, rF++} (You found it on level 12 of the Dungeon)
 18742 | D:12     | Noticed Frances
 18759 | D:12     | You fall into a shaft and drop 1 floor!
 19481 | D:8      | Killed Pikel
 19637 | D:7      | Killed Menkaure
 19956 | D:9      | Bought a scroll of identify for 54 gold pieces
 20330 | Lair:1   | Reached skill level 5 in Invocations
 20551 | Lair:2   | Reached skill level 1 in Axes
 20652 | Lair:2   | Found a hole to the Spider Nest.
 21711 | Lair:2   | Noticed a four-headed hydra
 21711 | Lair:2   | Noticed an eight-headed hydra
 21993 | Lair:2   | Reached **** piety under Lugonu
 21995 | Lair:2   | Killed an eight-headed hydra
 21995 | Lair:2   | Reached skill level 12 in Spellcasting
 21997 | Lair:2   | Killed a four-headed hydra
 22153 | Lair:2   | Found a staircase to the Swamp.
 22296 | Lair:3   | Noticed Prince Ribbit
 22329 | Lair:3   | You fall into a shaft and drop 1 floor!
 22400 | Lair:4   | Noticed an eight-headed hydra
 22434 | Lair:4   | Reached skill level 1 in Long Blades
 22437 | Lair:4   | Killed a seven-headed hydra
 22640 | Lair:4   | Reached XP level 14. HP: 75/100 MP: 23/30
 23067 | Lair:3   | Reached skill level 5 in Hexes
 23260 | Lair:3   | Killed Prince Ribbit
 24165 | Lair:4   | Reached ***** piety under Lugonu
 26001 | Lair:6   | Entered Level 6 of the Lair of Beasts
 26076 | Lair:6   | Found a viscous altar of Jiyva.
 26076 | Lair:6   | Found a staircase to the Slime Pits.
 26701 | Lair:6   | Reached XP level 15. HP: 86/106 MP: 25/31
 27451 | Lair:6   | Identified a scroll of acquirement
 28069 | Lair:6   | Reached skill level 5 in Dodging
 28379 | Lair:6   | Reached skill level 5 in Axes
 28379 | Lair:6   | Reached skill level 5 in Air Magic
 28582 | Lair:6   | Reached skill level 13 in Spellcasting
 28588 | Lair:6   | Slain by a death yak

Illustrated notes

Levels and vault maps discovered:
D:1:      dpeg_arrival_stone_temple_mockup, layout_basic
D:2:      layout_loops_cross, elyvilon_altar_4
D:3:      layout_rooms, eat_drink_and_be_merry_uskayaw, lemuel_round_altar,
          first_ration, minivault_23, minivault_25, uniq_ijyb,
          uniq_crazy_yiuf_cottage
D:4:      layout_basic, gammafunk_ghost_split, uniq_edmund, uniq_duvessa,
          uniq_blork_the_orc
D:5:      layout_basic, minmay_temple_entry_offerings
D:6:      layout_loops_cross, bloody_trog, lemuel_flamethrower_2
D:7:      layout_basic, uniq_menkaure, uniq_pikel
D:8:      layout_cave_pods, minmay_chambers_of_fives
D:9:      layout_rooms, chequers_temple_overflow_statue_of_worship,
          lair_entry_dummy, serial_shops, nicolae_shop_stone, kennysheep_mini,
          the_bakery, xom_teletrap_fun, uniq_grum
D:10:     layout_basic, uniq_snorg, uniq_maurice
D:11:     layout_loops_cross, nicolae_benzene_ring, minivault_4,
          minmay_shop_mass
D:12:     layout_loops_corners, basic_altar, minivault_25, uniq_azrael,
          uniq_frances, uniq_rupert
D:13:     layout_irregular_city, erik_vaults_1, uniq_erolcha
D:14:     nooodl_glass_maze, layout_loops_ring, fedhas_altar_fruit_tree
Temple:   jpeg_temple_clearing
Lair:1:   layout_misc_corridors
Lair:2:   layout_hall_layers, palyth_hydra_swamp_entry, spider_nest_entry_a
Lair:3:   layout_gridlike, uniq_prince_ribbit2
Lair:4:   layout_loops_ring, eino_small_chamber_without_monster,
          beast_lair_carwin_6, serial_bayou_shore_a, grunt_megastairs_4
Lair:5:   layout_cave_pods, minivault_26, st_stairs_12, serial_bayou_pond_b,
          hibernation_bobbens
Lair:6:   evilmike_catoblepas_cave, layout_hall_layers, slime_altar_1

Skill      XL: |  1  2  3  4  5  6  7  8  9 10 11 12 13 14 15 |
---------------+----------------------------------------------+-----
Armour         | 1 2 3 4 5 6 |  6.0
Fighting       | 1 2 3 5 6 |  6.6
Spellcasting   | 3 4 5 6 7 8 10 11 12 13 | 13.0
Short Blades   | 1 2 3 4 5 6 7 8 |  8.5
Dodging        | 2 3 4 5 |  5.1
Stealth        | 3 4 5 6 7 |  7.0
Necromancy     | 5 6 7 8 |  8.3
Throwing       | 1 2 3 |  3.1
Evocations     | 1 3 5 |  5.1
Charms         | 1 3 4 |  4.5
Ice Magic      | 1 4 5 6 7 |  7.6
Invocations    | 1 4 6 7 8 |  8.0
Hexes          | 1 4 6 7 |  7.1
Air Magic      | 3 4 5 |  5.1
Axes           | 2 4 5 |  5.1
Long Blades    | 1 3 4 |  4.8

Action                   |  1- 3 |  4- 6 |  7- 9 | 10-12 | 13-15 || total
-------------------------+-------+-------+-------+-------+-------++-------
Melee: Unarmed           |    11 |       |       |       |       ||    11
       Dagger            |    22 |    89 |   210 |   435 |   408 ||  1164
       Short sword       |       |    11 |       |       |       ||    11
       Long sword        |       |       |       |       |   107 ||   107
       Falchion          |       |       |       |       |     5 ||     5
Throw: Boomerang         |       |     4 |     8 |    31 |    47 ||    90
       Dart              |       |       |     1 |     4 |    42 ||    47
 Cast: Pain              |    27 |       |       |       |       ||    27
       Vampiric Draining |     3 |    15 |    31 |    52 |    63 ||   164
       Ozocubu's Armour  |       |       |       |    35 |    50 ||    85
       Frozen Ramparts   |       |       |       |    37 |    68 ||   105
Invok: Depart the Abyss  |       |       |       |     1 |       ||     1
       Bend Space        |       |       |       |     1 |     2 ||     3
 Abil: Shaft Self        |       |       |     2 |     2 |     2 ||     6
Evoke: Wand              |       |       |       |     2 |       ||     2
  Use: Scroll            |       |       |     6 |     7 |    16 ||    29
       Potion            |       |       |     2 |     1 |     1 ||     4
 Stab: Sleeping          |     1 |     2 |     7 |    14 |    12 ||    36
       Paralysed         |       |       |       |     1 |       ||     1
       Distracted        |       |       |       |     1 |       ||     1
  Eat: Ration            |     1 |     2 |     4 |     8 |     9 ||    24
Armor: Leather armour    |    13 |    26 |    32 |    67 |   120 ||   258
       Robe              |       |       |       |    10 |       ||    10
Dodge: Dodged            |    30 |    48 |   108 |   179 |   317 ||   682
Block: Other             |       |       |    28 |    82 |   118 ||   228
       Reflection        |       |       |     1 |     4 |     1 ||     6
       Rpst.: Long sword |       |       |       |       |    29 ||    29
       Falchion          |       |       |       |       |     2 ||     2

Table legend:
 A = Non-vault XP
 B = Vault XP
 C = Vault XP percentage of total XP
 D = Non-vault monster count
 E = Vault monster count
 F = Vault count percentage of total count
                 A         B        C        D         E       F
            +---------+---------+-------+---------+---------+-------
      Total |   64667 |   25188 |  28.0 |     411 |      68 |  14.2
            +---------+---------+-------+---------+---------+-------
        D:1 |      47 |       0 |   0.0 |      19 |       0 |   0.0
        D:2 |      71 |       2 |   2.7 |      16 |       1 |   5.9
        D:3 |     421 |       0 |   0.0 |      25 |       0 |   0.0
        D:4 |     266 |     513 |  65.9 |      15 |       5 |  25.0
        D:5 |     311 |       0 |   0.0 |      11 |       0 |   0.0
        D:6 |     628 |       0 |   0.0 |      12 |       0 |   0.0
        D:7 |     403 |     172 |  29.9 |      21 |       1 |   4.5
        D:8 |    2193 |    1759 |  44.5 |      25 |       5 |  16.7
        D:9 |    2599 |     865 |  25.0 |      29 |       6 |  17.1
       D:10 |    3292 |    1610 |  32.8 |      35 |       2 |   5.4
       D:11 |    4297 |       0 |   0.0 |      26 |       0 |   0.0
       D:12 |    1055 |     904 |  46.1 |       3 |       1 |  25.0
       D:13 |    1090 |     904 |  45.3 |       2 |       1 |  33.3
       D:14 |    3123 |    1510 |  32.6 |      21 |       6 |  22.2
     Lair:1 |    4042 |       0 |   0.0 |      14 |       0 |   0.0
     Lair:2 |    3785 |    3263 |  46.3 |      16 |       8 |  33.3
     Lair:3 |    4046 |     772 |  16.0 |      17 |       3 |  15.0
     Lair:4 |   10482 |    2251 |  17.7 |      27 |       5 |  15.6
     Lair:5 |    6792 |    1546 |  18.5 |      23 |       6 |  20.7
     Lair:6 |   15724 |    9117 |  36.7 |      54 |      18 |  25.0
            +---------+---------+-------+---------+---------+-------
